 Dungeon Crawl Stone Soup version 0.28-a0-932-g843f935a50 (webtiles) character file.

Game seed: 12745400006433444553

182 mcbry74 the Chopper (level 5, 0/45 HPs)
             Began as a Hill Orc Fighter on Nov 27, 2021.
             Was a Follower of Qazlal.
             Slain by a scorpion (8 damage)
             ... on level 3 of the Dungeon.
             The game lasted 00:14:05 (3212 turns).

mcbry74 the Chopper (Hill Orc Fighter)              Turns: 3212, Time: 00:14:05

Health: 0/45       AC:  9    Str: 26    XL:     5   Next: 62%
Magic:  6/6        EV: 10    Int:  8    God:    Qazlal [*.....]
Gold:   71         SH:  6    Dex: 10    Spells: 4/4 levels left

rFire   . . .      SeeInvis .   a - +0 war axe
rCold   + . .      Faith    .   c - +0 buckler
rNeg    . . .      Spirit   .   g - +0 ring mail {rC+}
rPois   .          Reflect  .   (no helmet)
rElec   .          Harm     .   (no cloak)
rCorr   .          Rampage  .   (no gloves)
Will    .....                   (no boots)
Stlth   ..........              (no amulet)
HPRegen 0.15/turn               l - +6 ring of strength
MPRegen 0.10/turn               s - +4 ring of protection

@: no status effects
A: no striking features
a: Renounce Religion


You were on level 3 of the Dungeon.
You worshipped Qazlal.
Qazlal was aware of your devotion.
You visited 1 branch of the dungeon, and saw 4 of its levels.

You collected 71 gold pieces.

Inventory:

Hand Weapons
 a - a +0 war axe (weapon)
Missiles
 f - 20 poisoned darts (quivered)
Armour
 b - a +0 scale mail
 c - a +0 buckler (worn)
 g - a +0 ring mail of cold resistance (worn)
Jewellery
 l - a +6 ring of strength (left hand)
 s - a +4 ring of protection (right hand)
Wands
 k - a wand of paralysis (7)
Scrolls
 j - a scroll of fear {unknown}
 r - a scroll of amnesia {unknown}
 t - a scroll of magic mapping {unknown}
Potions
 d - a potion of might
 n - a potion of resistance {unknown}
 o - a potion of berserk rage {unknown}
 p - a potion of cancellation {unknown}
 q - a potion of ambrosia {unknown}


   Skills:
 - Level 3.6 Fighting
 * Level 6.4 Axes
 - Level 3.2 Armour
 - Level 3.2 Shields
 + Level 2.6 Invocations
 + Level 1.5 Evocations


You had 4 spell levels left.
You didn't know any spells.
Your spell library contained the following spells:

 Spells                   Type           Power      Damage    Failure   Level
 Beastly Appendage        Tmut           0%         N/A       56%         1
 Magic Dart               Conj           0%         1d3       56%         1
 Sandblast                Erth           0%         2d4       56%         1
 Call Imp                 Summ           0%         N/A       71%         2
 Passwall                 Tmut/Erth      0%         N/A       71%         2
 Wereblood                Tmut           0%         N/A       71%         2
 Ignite Poison            Fire/Tmut/Pois 0%         N/A       91%         3
 Mephitic Cloud           Conj/Pois/Air  0%         N/A       91%         3
 Spider Form              Tmut/Pois      0%         N/A       91%         3
 Stone Arrow              Conj/Erth      0%         3d7       91%         3
 Summon Guardian Golem    Hex/Summ       0%         N/A       91%         3
 Freezing Cloud           Conj/Ice/Air   0%         6-21      100%        5
 Orb of Destruction       Conj           0%         N/A       100%        7
 Spellforged Servitor     Conj/Summ      0%         N/A       100%        7


Dungeon Overview and Level Annotations

Branches:
Dungeon (4/15)
 Temple: D:4-7

Altars:
Dithmenos
Elyvilon
Nemelex Xobeh
Okawaru
Qazlal
Ru
Sif Muna
Uskayaw
Yredelemnul
The Shining One

Shops:
D:4 [


Message History

The scorpion stings you!
* * * LOW HITPOINT WARNING * * *
You are lethally poisoned!
The scorpion poisons you!
* * * LOW HITPOINT WARNING * * *
You feel very sick.
It was a potion of heal wounds.
You feel much better.
You feel sick. The scorpion stings you.
You are more poisoned.
The scorpion poisons you!
You feel very sick.
You feel very sick.
You feel sick.
You feel sick.
You feel sick.
The scorpion stings you but does no damage.
Found 9 gold pieces.
You feel sick.
You feel sick.
You feel sick.
You feel sick. The scorpion stings you.
* * * LOW HITPOINT WARNING * * *
You feel sick.
You feel sick.
You are no longer poisoned.
There is an escape hatch in the ceiling here.
You block the scorpion's attack. A mysterious force pulls you upwards.
The hatch slams shut behind you. The scorpion barely misses you.
There is a stone staircase leading down here.
You block the scorpion's attack.
You see here a +0 dagger.
The scorpion closely misses you. The scorpion barely misses you.
You block the scorpion's attack. You block the scorpion's attack.
You feel a little less clever now. You block the scorpion's attack.
The scorpion stings you but does no damage.
The scorpion stings you!
You die...

###.......)....................#
......._._._.....>....#.########
......................#.#
.###.8._._._.8.#......#.#
...#...........#......#.#
...#############......#.#
...#.#.#.#............#.#
.###.#.#.#....○.......#.#
.....#.#.......s@.....#.#
.....#..........☼..####.#
........##########># #.#
#.##.##........# #.# #.#
..##.##.#..###.# #.# #.#
..#..##....# #.# #.# #.#
..#.#####..# #.# #.# #.#
...........# #.# #.# #.#
.##.######.###.# #.# #.########


You could see a scorpion.

Vanquished Creatures
  A bullfrog (D:4)
  3 adders
  2 worms (D:2)
  A dart slug (D:1)
  12 orcs (D:3)
  3 bats
  6 endoplasms
  3 giant cockroaches
  9 goblins
  2 hobgoblins
  3 jackals (D:1)
  A quokka (D:1)
  3 ball pythons
  6 frilled lizards
  4 kobolds
  8 rats
67 creatures vanquished.

Notes
Turn   | Place    | Note
-------+----------+-------------------------------------------
     0 | D:1      | mcbry74 the Hill Orc Fighter began the quest for the Orb.
     0 | D:1      | Reached XP level 1. HP: 19/19 MP: 1/1
    48 | D:2      | Reached skill level 3 in Axes
   218 | D:3      | Reached XP level 2. HP: 23/26 MP: 2/2
   242 | D:3      | Reached skill level 4 in Axes
   612 | D:3      | Found a stormy altar of Qazlal.
   612 | D:3      | Found a shadowy altar of Dithmenos.
   612 | D:3      | Found a glowing golden altar of the Shining One.
   612 | D:3      | Found a shimmering blue altar of Sif Muna.
   613 | D:3      | Found a hide-covered altar of Uskayaw.
   613 | D:3      | Found a basalt altar of Yredelemnul.
   614 | D:3      | Found a sparkling altar of Nemelex Xobeh.
   614 | D:3      | Found an iron altar of Okawaru.
   614 | D:3      | Found a white marble altar of Elyvilon.
   625 | D:3      | Reached XP level 3. HP: 31/31 MP: 3/3
   634 | D:3      | Became a worshipper of Qazlal Stormbringer
  1078 | D:1      | Reached skill level 5 in Axes
  1376 | D:1      | Found a faded altar of an unknown god.
  1402 | D:2      | Reached skill level 1 in Invocations
  1495 | D:2      | Reached * piety under Qazlal
  1519 | D:2      | Reached XP level 4. HP: 39/39 MP: 4/4
  2704 | D:3      | Found a sacrificial altar of Ru.
  2990 | D:4      | Reached skill level 1 in Evocations
  3003 | D:4      | Found Voex's Antique Armour Shop.
  3010 | D:4      | Noticed a bullfrog
  3019 | D:4      | Killed a bullfrog
  3020 | D:4      | Reached skill level 6 in Axes
  3020 | D:4      | Reached XP level 5. HP: 31/45 MP: 6/6
  3172 | D:4      | HP: 2/45 [poisoned by a scorpion]
  3212 | D:3      | Slain by a scorpion

Illustrated notes

Levels and vault maps discovered:
D:1:      lemuel_arrival_funnel, layout_basic,
          shapermc_ecumenical_altar_mp_vishouse, hex_tiny
D:2:      layout_basic, grunt_ministairs_10
D:3:      minmay_evil_eye, layout_basic, nicolae_ru_sacrificial_ziggurat,
          nicolae_overflows_in_rows
D:4:      layout_gridville, serial_shops, nicolae_shop_behind_doors,
          minmay_misc_feat_pillars, minmay_misc_feat_enclosed,
          chequers_serial_rivers_room_b, minmay_door_square

Skill      XL: |  1  2  3  4 |
---------------+-------------+-----
Axes           | 3 4 5 6 |  6.4
Invocations    | 1 2 |  2.6
Evocations     | 1 |  1.5
Fighting       | |  3.6
Armour         | |  3.2
Shields        | |  3.2

Action                   |  1- 3 |  4- 6 || total
-------------------------+-------+-------++-------
Melee: War axe           |    88 |    83 ||   171
Throw: Dart              |     1 |       ||     1
  Use: Scroll            |       |     1 ||     1
       Potion            |       |     3 ||     3
Armor: Scale mail        |     4 |       ||     4
       Ring mail         |    25 |    22 ||    47
Dodge: Dodged            |    31 |    35 ||    66
Block: Buckler           |    14 |    27 ||    41

Table legend: (Time is in decaauts)
 A = Elapsed time spent in this place.
 B = Non-inter-level travel time spent in this place.
 C = Inter-level travel time spent in this place.
 D = Time resting spent in this place.
 E = Time spent auto-exploring this place.
 F = Levels seen in this place.
 G = Mean time per level.
                   A        B        C        D        E       F      G
               +--------+--------+--------+--------+--------+-----+--------+
         Total |   3256 |   3210 |     46 |    469 |   1854 |   4 |  814.0 |
       Dungeon |   3256 |   3210 |     46 |    469 |   1854 |   4 |  814.0 |
               +--------+--------+--------+--------+--------+-----+--------+

Top non-repeatable levels by time:
     D:3: 1418 daAuts
     D:2: 858 daAuts
     D:1: 781 daAuts
     D:4: 198 daAuts
